 Dungeon Crawl Stone Soup version 0.29-a0-919-gd064cfad1c (webtiles) character file.

Game seed: 9061520665816257805

132 ZappyNine the Trooper (level 5, 0/29 HPs)
             Began as a Vine Stalker Fighter on July 26, 2022.
             Succumbed to Crazy Yiuf's poison
             ... on level 2 of the Dungeon.
             The game lasted 00:02:04 (1932 turns).

ZappyNine the Trooper (Vine Stalker Fighter)        Turns: 1932, Time: 00:02:04

Health: 0/29       AC:  6    Str: 21    XL:     5   Next: 15%
Magic:  3/6        EV:  9    Int:  8    God:
Gold:   81         SH:  4    Dex: 13    Spells: 4/4 levels left

rFire   . . .      SeeInvis .   a - +0 rapier
rCold   . . .      Faith    .   c - +0 buckler
rNeg    . . .      Spirit   +   b - +0 scale mail
rPois   +          Reflect  .   (no helmet)
rElec   .          Harm     .   (no cloak)
rCorr   .          Rampage  .   (no gloves)
Will    .....                   (no boots)
Stlth   ..........              (no amulet)
HPRegen 0.89/turn               g - ring of poison resistance
MPRegen 0.10/turn               (no ring)

@: lethally poisoned (0 -> -18)
A: fangs 2, regeneration 1, magic shield, antimagic bite, no potion heal 2
a: no special abilities


You were on level 2 of the Dungeon.
You visited 1 branch of the dungeon, and saw 2 of its levels.

You collected 81 gold pieces.

Inventory:

Hand Weapons
 a - a +0 rapier (weapon)
Armour
 b - a +0 scale mail (worn)
 c - a +0 buckler (worn)
Jewellery
 g - a ring of poison resistance (left hand)
 k - a ring of fire
Scrolls
 d - a scroll of noise {unknown}
 e - 2 scrolls of immolation {unknown}
 f - a scroll of vulnerability {unknown}
 h - a scroll of magic mapping {unknown}
 i - 2 scrolls of identify {unknown}
 j - a scroll of fear {unknown}
Potions
 l - a potion of invisibility {unknown}


   Skills:
 + Level 4.1 Fighting
 + Level 3.5 Short Blades
 - Level 2.4 Armour
 - Level 2.6 Shields


You had 4 spell levels left.
You didn't know any spells.
Your spell library contained the following spells:

 Spells                   Type           Power      Damage    Failure   Level
 Magic Dart               Conj           0%         1d3       85%         1
 Call Imp                 Summ           0%         N/A       94%         2
 Mephitic Cloud           Conj/Pois/Air  0%         N/A       99%         3
 Summon Ice Beast         Ice/Summ       0%         N/A       100%        4
 Summon Mana Viper        Hex/Summ       0%         N/A       100%        5
 Monstrous Menagerie      Summ           0%         N/A       100%        7


Dungeon Overview and Level Annotations

Branches:
Dungeon (2/15)

Altars:

Annotations:
D:2 Crazy Yiuf


Innate Abilities, Weirdness & Mutations

You have extremely sharp teeth.
Your natural rate of healing is unusually fast.
When hurt, damage is shared between your health and your magic reserves.
Your bite disrupts and absorbs the magic of your enemies.
Potions cannot restore your health.


Message History

Found a stone staircase leading down.
Found four hammers.
There is a stone staircase leading down here.
Found a hammer.
Found a runed translucent door.
No target in view!
No target in view!
No target in view!
No target in view!
No target in view!
No target in view!
No target in view!
Press: ? - help, . - travel, g - get item You can't see that place. [Stash: a hammer] [the floor.]
Press: ? - help, v - describe, . - travel The floor.
Crazy Yiuf shouts!
You open the door. You barely miss Crazy Yiuf. You bite Crazy Yiuf.
You drain his power.
Crazy Yiuf is lightly wounded.
Crazy Yiuf hits you with a +3 quarterstaff of chaos!
You closely miss Crazy Yiuf.
Crazy Yiuf is lightly wounded.
You block Crazy Yiuf's attack.
You hit Crazy Yiuf.
Crazy Yiuf is moderately wounded.
Crazy Yiuf hits you with a +3 quarterstaff of chaos!
You are poisoned.
You puncture Crazy Yiuf! You bite Crazy Yiuf. You drain his power.
You feel invigorated.
Crazy Yiuf is severely wounded.
* * * LOW HITPOINT WARNING * * *
You feel very sick.
Crazy Yiuf hits you with a +3 quarterstaff of chaos.
* * * LOW HITPOINT WARNING * * *
You are more poisoned.
You completely miss Crazy Yiuf.
Crazy Yiuf is severely wounded.
You die...

# #.# # #.# . #.# #
#.# # #.# ♣♣♣♣♣###
#.# ###
♣♣♣.♣.).)###.#
#...#♣..♣......##.#
#...g@♣♣♣♣.).)..#.##
#)..#♣♣ ♣♣.......>#
### ♣♣##...#.#
###...# #####


You could see Crazy Yiuf.

Vanquished Creatures
  Jessica (D:2)
  4 gnolls
  2 adders (D:2)
  A worm (D:2)
  A dart slug (D:1)
  5 endoplasms
  A giant cockroach (D:1)
  2 goblins
  5 hobgoblins (D:1)
  2 jackals (D:2)
  2 kobolds (D:1)
  3 quokkas (D:1)
  6 ball pythons (D:1)
  4 bats
  2 frilled lizards (D:1)
  4 rats (D:1)
45 creatures vanquished.

Notes
Turn   | Place    | Note
-------+----------+-------------------------------------------
     0 | D:1      | ZappyNine the Vine Stalker Fighter began the quest for the
                  | Orb.
     0 | D:1      | Reached XP level 1. HP: 11/11 MP: 2/2
    99 | D:1      | Reached skill level 3 in Fighting
    99 | D:1      | Reached XP level 2. HP: 4/16 MP: 3/3
   333 | D:1      | Found a faded altar of an unknown god.
   825 | D:1      | Reached XP level 3. HP: 20/20 MP: 4/4
  1592 | D:2      | Gained mutation: Your natural rate of healing is unusually
                  | fast. [Vine Stalker growth]
  1592 | D:2      | Reached XP level 4. HP: 13/24 MP: 3/5
  1784 | D:2      | Noticed Jessica
  1795 | D:2      | Killed Jessica
  1796 | D:2      | Reached skill level 4 in Fighting
  1796 | D:2      | Reached XP level 5. HP: 29/29 MP: 6/6
  1923 | D:2      | Found a runed translucent door.
  1924 | D:2      | Noticed Crazy Yiuf
  1932 | D:2      | Succumbed to Crazy Yiuf's poison

Illustrated notes

Levels and vault maps discovered:
D:1:      minmay_arrival_floating_metal, layout_basic, basic_ecumenical_altar,
          serial_park_tiny_1
D:2:      layout_loops_ring, st_stairs_5, uniq_crazy_yiuf_cottage, uniq_jessica

Skill      XL: |  1  2  3  4 |
---------------+-------------+-----
Short Blades   | 2 3 |  3.5
Fighting       | 3 4 |  4.1
Armour         | |  2.4
Shields        | |  2.6

Action                   |  1- 3 |  4- 6 || total
-------------------------+-------+-------++-------
Melee: Rapier            |   108 |    45 ||   153
       Bite              |    30 |    14 ||    44
  Use: Potion            |       |     1 ||     1
Armor: Scale mail        |    41 |    13 ||    54
Dodge: Dodged            |    61 |    18 ||    79
Block: Buckler           |    22 |    16 ||    38

Table legend: (Time is in decaauts)
 A = Elapsed time spent in this place.
 B = Non-inter-level travel time spent in this place.
 C = Inter-level travel time spent in this place.
 D = Time resting spent in this place.
 E = Time spent auto-exploring this place.
 F = Levels seen in this place.
 G = Mean time per level.
                   A        B        C        D        E       F      G
               +--------+--------+--------+--------+--------+-----+--------+
         Total |   1964 |   1927 |     37 |    364 |   1247 |   2 |  982.0 |
       Dungeon |   1964 |   1927 |     37 |    364 |   1247 |   2 |  982.0 |
               +--------+--------+--------+--------+--------+-----+--------+

Top non-repeatable levels by time:
     D:1: 1710 daAuts
     D:2: 253 daAuts
